 Dungeon Crawl Stone Soup version 0.30-a0-916-g9813417 (webtiles) character file.

Game seed: 8420678429102603671

989 Nithhogg the Cleaver (level 8, -5/70 HPs)
             Began as a Hill Orc Fighter on Mar 23, 2023.
             Shot with an arrow by a centaur (8 damage)
             ... on level 4 of the Dungeon.
             The game lasted 00:07:42 (2996 turns).

Nithhogg the Cleaver (Hill Orc Fighter)             Turns: 2996, Time: 00:07:43

Health: -5/70      AC: 11    Str: 21    XL:     8   Next: 18%
Magic:  11/11      EV: 10    Int:  8    God:
Gold:   260        SH:  0    Dex: 10    Spells: 7/7 levels left

rFire   . . .      SeeInvis .    u - +4 trident (venom)
rCold   + . .      Faith    .    (no shield)
rNeg    . . .      Spirit   .    i - +1 ring mail {rC+}
rPois   +          Reflect  .    (no helmet)
rElec   .          Rampage  .    (no cloak)
rCorr   .                        (no gloves)
Will    .....                    (no boots) Stlth
                                 (no amulet)
HPRegen 0.31/turn                g - +4 ring of protection
MPRegen 0.12/turn                n - ring of poison resistance

@: mighty
A: no striking features
a: no special abilities


You were on level 4 of the Dungeon.
You visited 1 branch of the dungeon, and saw 4 of its levels.
You also visited: Sewer.

You collected 260 gold pieces.

Inventory:

Hand Weapons
 a - a +0 war axe
 u - a +4 trident of venom (weapon)
Armour
 b - a +0 scale mail
 c - a +0 buckler
 i - a +1 ring mail of cold resistance (worn)
Jewellery
 e - a ring of ice
 g - a +4 ring of protection (left hand)
 n - a ring of poison resistance (right hand)
Wands
 v - a wand of iceblast (5)
Scrolls
 l - a scroll of immolation
 q - 2 scrolls of identify
 r - 3 scrolls of teleportation
Potions
 d - 3 potions of might
 f - a potion of curing
 m - 2 potions of heal wounds {unknown}
 o - a potion of haste {unknown}
 p - a potion of degeneration {unknown}
 t - a potion of lignification {unknown}
 w - a potion of flight {unknown}


   Skills:
 + Level 6.0 Fighting
 * Level 8.1 Axes
 + Level 5.5 Armour
 - Level 3.2 Shields
 + Level 5.1 Invocations


You had 7 spell levels left.
You didn't know any spells.
Your spell library contained the following spells:

 Spells                   Type           Power      Damage    Failure   Level
 Magic Dart               Conj           0%         1d3       56%         1
 Call Imp                 Summ           0%         N/A       71%         2
 Scorch                   Fire           0%         2d5       71%         2
 Mephitic Cloud           Conj/Pois/Air  0%         N/A       90%         3
 Flame Wave               Conj/Fire      0%         2d4       100%        4
 Summon Forest            Summ/Tloc      0%         N/A       100%        5
 Summon Mana Viper        Hex/Summ       0%         N/A       100%        5
 Summon Cactus Giant      Summ           0%         N/A       100%        6


Dungeon Overview and Level Annotations

Branches:
Dungeon (4/15)              Sewer (visited)
 Temple: D:4-7

Altars:

Annotations:
D:4 1 transporter


Message History

The centaur shoots an arrow.
The arrow closely misses you.
You puncture Kave's ghost!
Kave's ghost is severely damaged.
Kave's ghost hits you.
* * * LOW HITPOINT WARNING * * *
Kave's ghost hits you but does no damage.
The centaur shoots an arrow.
The arrow hits you but does no damage. Kave's ghost hits you.
* * * LOW HITPOINT WARNING * * *
You feel better.
The centaur unwields a +0 shortbow.
The centaur misses you.
The centaur kicks you but does no damage.
The adder bites you but does no damage.
The centaur hits you but does no damage.
The centaur closely misses you. Kave's ghost hits you!
* * * LOW HITPOINT WARNING * * *
You puncture the adder!
The adder is poisoned.
The adder is severely wounded.
The adder bites you but does no damage.
You completely miss Kave's ghost.
Kave's ghost is severely damaged.
The adder barely misses you. The adder bites you but does no damage.
Kave's ghost barely misses you.
You impale Kave's ghost!!
You destroy Kave's ghost!
You kill the adder!
The centaur wields a +0 shortbow.
The centaur shoots an arrow.
The arrow hits you.
* * * LOW HITPOINT WARNING * * *
The centaur shoots an arrow.
The arrow hits you.
* * * LOW HITPOINT WARNING * * *
Your Fighting skill increases to level 6!
Your Axes skill increases to level 8!
Your Invocations skill increases to level 5!
You have reached level 8!
Okay, then.
You puncture the kobold!
You kill the kobold!
The centaur shoots an arrow.
The arrow hits you.
* * * LOW HITPOINT WARNING * * *
The centaur shoots an arrow.
The arrow hits you!
You die...

......#..##.......##........
.........#8.#...#.8#.......#
.....##..#...#.#...#....#.##
....###..#........?#...##.###
....##..©#..[.©...(#©.......#
...###...#........$#.)###....
.........#...#.#.c.#..)...##.
.........#8.#..)#.8#..#......
.........##©....@.##..##..#!.
..........#########...)#....
................h.............
..#...........................
###.......###########.........
##.......## #.....(...
##...#.### ####...... ##...##
#...## ###. .###


You could see a centaur and a hound.

Vanquished Creatures
  The ghost of Kave the Ruffian, an amateur TrTm (D:4)
  A black bear (D:4)
  An ogre (D:4)
  A centaur (D:3)
  2 bullfrogs (Sewer)
  A hound (D:4)
  Terence (D:2)
  2 iguanas
  12 adders
  A river rat (D:3)
  3 worms
  5 dart slugs
  7 orcs (D:4)
  13 ball pythons
  4 bats
  13 endoplasms
  13 giant cockroaches
  10 goblins
  7 hobgoblins
  6 jackals (D:2)
  9 kobolds
  8 quokkas
  11 frilled lizards
  6 rats
  A spectral goblin (D:2)
139 creatures vanquished.

Notes
Turn   | Place    | Note
-------+----------+-------------------------------------------
     0 | D:1      | Nithhogg the Hill Orc Fighter began the quest for the Orb.
     0 | D:1      | Reached XP level 1. HP: 19/19 MP: 1/1
    91 | D:1      | Reached skill level 3 in Axes
   112 | D:1      | Reached XP level 2. HP: 27/27 MP: 2/2
   146 | D:1      | Reached skill level 1 in Invocations
   559 | D:1      | Reached XP level 3. HP: 33/33 MP: 3/3
   844 | D:2      | Noticed Terence
   858 | D:2      | Killed Terence
   859 | D:2      | Reached skill level 4 in Axes
   859 | D:2      | Reached XP level 4. HP: 18/40 MP: 5/5
  1213 | D:2      | Found a faded altar of an unknown god.
  1459 | D:3      | Noticed a centaur
  1471 | D:3      | Killed a centaur
  1472 | D:3      | Reached skill level 5 in Axes
  1472 | D:3      | Reached XP level 5. HP: 25/47 MP: 5/7
  1581 | D:3      | Found a glowing drain.
  1637 | Sewer    | Entered a sewer
  1708 | Sewer    | Reached XP level 6. HP: 53/53 MP: 8/8
  1943 | Sewer    | Reached skill level 5 in Fighting
  1943 | Sewer    | Reached skill level 6 in Axes
  2159 | D:3      | Identified the staff of fire "Hysaoheg" {rF+ rN+ Int+3
                  | Dex-4}
  2169 | D:3      | Reached XP level 7. HP: 61/61 MP: 9/9
  2681 | D:4      | Reached skill level 7 in Axes
  2681 | D:4      | Reached skill level 5 in Armour
  2837 | D:4      | Found a transporter.
  2887 | D:4      | Noticed Kave's ghost (amateur TrTm)
  2889 | D:4      | Found a transporter.
  2995 | D:4      | Killed Kave's ghost
  2995 | D:4      | HP: 3/62 [centaur/arrow (1)]
  2996 | D:4      | Reached skill level 8 in Axes
  2996 | D:4      | Reached skill level 5 in Invocations
  2996 | D:4      | Reached XP level 8. HP: 4/70 MP: 11/11
  2996 | D:4      | Shot with an arrow by a centaur

Illustrated notes

Levels and vault maps discovered:
D:1:      amcnicky_arrival_abandoned_market, layout_loops_ring
D:2:      layout_basic, dreamdust_ecumenical_altar_drowned_temple, uniq_terence
D:3:      layout_rooms, gup_sewer_entry_spiral
D:4:      layout_cave_pools, kennysheep_mini, gammafunk_ghost_arena,
          nicolae_elevator_lobby_asterisk

Skill      XL: |  1  2  3  4  5  6  7 |
---------------+----------------------+-----
Axes           | 3 4 5 6 8 |  8.1
Invocations    | 1 2 3 5 |  5.1
Fighting       | 4 5 6 |  6.0
Armour         | 4 5 |  5.5
Shields        | |  3.2

Action                     |  1- 3 |  4- 6 |  7- 9 || total
---------------------------+-------+-------+-------++-------
  Melee: War axe           |    95 |   180 |       ||   275
         Punch             |     1 |       |       ||     1
         Trident           |       |    10 |    85 ||    95
    Use: Scroll            |       |     1 |     7 ||     8
         Potion            |       |       |     4 ||     4
 Armour: Scale mail        |     8 |       |       ||     8
         Ring mail         |    40 |   116 |    52 ||   208
  Dodge: Dodged            |    50 |   125 |    54 ||   229

Table legend: (Time is in decaauts)
 A = Elapsed time spent in this place.
 B = Non-inter-level travel time spent in this place.
 C = Inter-level travel time spent in this place.
 D = Time resting spent in this place.
 E = Time spent auto-exploring this place.
 F = Levels seen in this place.
 G = Mean time per level.
                   A        B        C        D        E       F      G
               +--------+--------+--------+--------+--------+-----+--------+
         Total |   3211 |   3073 |    138 |    130 |   1942 |   5 |  642.2 |
       Dungeon |   2790 |   2652 |    138 |    130 |   1765 |   4 |  697.5 |
         Sewer |    420 |    420 |      0 |      0 |    177 |   1 |  420.0 |
               +--------+--------+--------+--------+--------+-----+--------+

Top non-repeatable levels by time:
     D:3: 813 daAuts
     D:2: 770 daAuts
     D:1: 727 daAuts
     D:4: 479 daAuts
   Sewer: 420 daAuts
